 Dungeon Crawl Stone Soup version 0.31.0-32-g396128a36d (webtiles) character file.

Game seed: 3126623311391280510

152 kthxbai the Trooper (level 5, 0/28 HPs)
             Began as a Vine Stalker Fighter on Mar 25, 2024.
             Slain by a sky beast (5 damage)
             ... on level 3 of the Dungeon.
             The game lasted 00:03:06 (2157 turns).

kthxbai the Trooper (Vine Stalker Fighter)          Turns: 2157, Time: 00:03:06

Health: 0/28       AC:  7    Str: 21    XL:     5   Next: 34%
Magic:  0/6        EV:  9    Int:  8    God:
Gold:   93         SH:  5    Dex: 13    Spells: 4/4 levels left

rFire   . .          .
                       - Unarmed
rCold   . . .        b - +0 buckler
rNeg    . . .        a - +0 scale mail
rPois   .            j - +0 helmet
rElec   .            (no cloak)
rCorr   .            (no gloves)
SInv    .            (no boots)
Will    .....        (no amulet) Stlth
                     (no ring)
HPRegen 1.04/turn    (no ring)
MPRegen 0.10/turn

%: guardian spirit
@: no status effects
A: fangs 2, regeneration 1, magic shield, antimagic bite, no potion heal 2
a: no special abilities


You were on level 3 of the Dungeon.
You visited 1 branch of the dungeon, and saw 3 of its levels.

You collected 93 gold pieces.

Inventory:

Armour
 a - a +0 scale mail (worn)
 b - a +0 buckler (worn)
 j - a +0 helmet (worn)
Scrolls
 d - 2 scrolls of immolation {unknown}
 e - 3 scrolls of identify {unknown}
 f - a scroll of amnesia {unknown}
 g - a scroll of acquirement {unknown}
 h - a scroll of enchant armour {unknown}
 k - 2 scrolls of vulnerability {unknown}
 l - 2 scrolls of teleportation {unknown}
 n - a scroll of fog {unknown}
Potions
 c - a potion of might
 i - 3 potions of curing
 m - 2 potions of magic {unknown}
 o - a potion of resistance {unknown}
 p - a potion of brilliance {unknown}


   Skills:
 + Level 3.5 Fighting
 + Level 3.1 Armour
 + Level 3.5 Shields
 + Level 3.1 Unarmed Combat


You had 4 spell levels left.
You didn't know any spells.
Your spell library contained the following spells:

 Spells                   Type           Power      Damage    Failure   Level
 Call Imp                 Summ           0%         N/A       91%         2
 Ensorcelled Hibernation  Hex/Ice        0%         N/A       91%         2
 Mercury Vapours          Alch/Air       0%         N/A       91%         2
 Sublimation of Blood     Necr           0%         N/A       91%         2
 Fugue of the Fallen      Necr           0%         N/A       99%         3
 Gell's Gravitas          Tloc           0%         N/A       99%         3
 Mephitic Cloud           Conj/Alch/Air  0%         N/A       99%         3
 Teleport Other           Tloc           0%         N/A       99%         3
 Anguish                  Hex/Necr       0%         N/A       100%        4
 Freezing Cloud           Conj/Ice/Air   0%         6-21      100%        5
 Dispersal                Tloc           0%         N/A       100%        6
 Summon Hydra             Summ           0%         N/A       100%        7


Dungeon Overview and Level Annotations

Branches:
Dungeon (3/15)

Altars:

Annotations:
D:2 1 runed translucent door, Crazy Yiuf


Innate Abilities, Weirdness & Mutations

You have extremely sharp teeth.
Your natural rate of healing is unusually fast.
When hurt, damage is shared between your health and your magic reserves.
Your bite disrupts and absorbs the magic of your enemies.
Potions cannot restore your health.


Message History

The sky beast is moderately wounded.
The sky beast hits you but does no damage.
You completely miss the sky beast.
The sky beast is moderately wounded.
The sky beast hits you. The sky beast shocks you.
You closely miss the sky beast. You bite the sky beast. You drain its power.
You feel invigorated.
The sky beast is moderately wounded.
The sky beast hits you but does no damage.
You completely miss the sky beast. Your bite misses the sky beast.
The sky beast is moderately wounded.
The sky beast flickers out of sight!
Deactivating autopickup; reactivate with Ctrl-A.
Something hits you. Something shocks you.
You closely miss something. Something hits you. Something shocks you.
You hit something. Your bite misses something.
Something hits you but does no damage.
You barely miss something. You bite something. You drain its power.
You feel invigorated. Something hits you but does no damage.
You closely miss something. You bite something.
Something hits you but does no damage.
You miss something. Your bite misses something.
Something hits you but does no damage.
You miss something. Your bite misses something. You block something's attack.
You miss something. Your bite misses something. Something hits you.
Something shocks you.
You hit something. You bite something.
The ribbon worm expels a string of sticky webbing.
The stream of webbing hits you but does no damage.
You are caught in a web!
Something hits you but does no damage. Something hits you.
Something shocks you.
You miss something. You bite something. Something hits you.
* * * LOW HITPOINT WARNING * * *
Something shocks you.
* * * LOW HITPOINT WARNING * * *
Something hits you but does no damage. Something hits you.
* * * LOW HITPOINT WARNING * * *
Something shocks you.
You die...

#.#.......# #.....# #.....
#.#.......####.....# #.....
#.#.......#........### #.....
#>......###..........# #.....
#.#.....###..........####.....
#†#####......................†
#.############...)............
#....#########................
####.........@................
##............#............
##....w......#........)...
####'########............ #)#
#............ ###.####
#............ #......##
#...##....### #...##Y.#
#...######### #...###.##
##.........$.


You could see a ribbon worm.

Vanquished Creatures
  7 adders
  3 gnolls (D:2)
  A dart slug (D:2)
  2 ribbon worms (D:2)
  7 ball pythons
  A bat (D:3)
  An endoplasm (D:2)
  2 giant cockroaches (D:1)
  5 goblins
  5 hobgoblins
  3 jackals (D:3)
  3 quokkas
  3 frilled lizards
  6 kobolds
  7 rats
56 creatures vanquished.

Notes
Turn   | Place    | Note
-------+----------+-------------------------------------------
     0 | D:1      | kthxbai the Vine Stalker Fighter began the quest for the
                  | Orb.
     0 | D:1      | Reached XP level 1. HP: 11/11 MP: 2/2
   237 | D:1      | Reached XP level 2. HP: 13/16 MP: 1/3
   686 | D:2      | Reached XP level 3. HP: 20/20 MP: 4/4
   725 | D:2      | Found a runed translucent door.
   726 | D:2      | Noticed Crazy Yiuf
   900 | D:2      | Reached XP level 4. HP: 8/24 MP: 1/5
  1294 | D:2      | Found a faded altar of an unknown god.
  1759 | D:3      | Reached XP level 5. HP: 26/28 MP: 6/6
  2105 | D:3      | Noticed a sky beast
  2157 | D:3      | Slain by a sky beast

Illustrated notes

Levels and vault maps discovered:
D:1:      scummos_arrival_hexagon, layout_loops_cross
D:2:      layout_basic, hellmonk_ecumenical_altar_arch_garden,
          uniq_crazy_yiuf_cottage
D:3:      due_chaos_kobolds, layout_basic, dk_yredelemnul_ordeal, uniq_ijyb

Skill      XL: |  1  2  3  4 |
---------------+-------------+-----
Fighting       | 3 |  3.5
Shields        | 3 |  3.5
Armour         | 3 |  3.1
Unarmed Combat | 3 |  3.1

Action                     |  1- 3 |  4- 6 || total
---------------------------+-------+-------++-------
  Melee: Unarmed           |    79 |   110 ||   189
         Bite              |    22 |    33 ||    55
    Use: Potion            |       |     1 ||     1
 Armour: Scale mail        |    50 |    53 ||   103
  Dodge: Dodged            |    24 |    46 ||    70
  Block: Buckler           |    12 |    20 ||    32
